 Dungeon Crawl Stone Soup version 0.21.1-1-g345015f (webtiles) character file.

341 aMcNicky the Bolt Thrower (level 6, -10/38 HPs)
             Began as a Kobold Hunter on Mar 15, 2018.
             Mangled by homeworkjunkie's ghost (13 damage)
             ... on level 4 of the Dungeon.
             The game lasted 00:07:39 (2419 turns).

aMcNicky the Bolt Thrower (Kobold Hunter)           Turns: 2419, Time: 00:07:40

Health: -10/38     AC:  7    Str:  9    XL:     6   Next: 87%
Magic:  6/6        EV: 15    Int: 12    God:
Gold:   151        SH:  0    Dex: 18    Spells: 5/5 levels left

rFire    . . .     SeeInvis .   a - +2 hand crossbow
rCold    . . .     Gourm    .   (shield restricted)
rNeg     . . .     Faith    .   j - +0 ring mail
rPois    .         Spirit   .   (no helmet)
rElec    .         Reflect  .   q - +0 cloak (curse)
rCorr    .         Harm     .   p - +0 pair of gloves
MR       .....                  (no boots)
Stlth    ++........             (no amulet)
HPRegen  0.12/turn              (no ring)
MPRegen  0.10/turn              (no ring)

@: no status effects
A: small, carnivore
a: no special abilities


You were on level 4 of the Dungeon.
You were completely stuffed.

You visited 1 branch of the dungeon, and saw 4 of its levels.

You collected 151 gold pieces.

Inventory:

Hand Weapons
 a - a +2 hand crossbow (weapon)
 b - a +0 short sword
Missiles
 d - 59 bolts (quivered)
Armour
 c - a +0 leather armour
 j - a +0 ring mail (worn)
 p - a +0 pair of gloves (worn)
 q - a cursed +0 cloak (worn)
Scrolls
 e - a scroll of fear
 i - 2 scrolls of enchant weapon
 l - a scroll of random uselessness {unknown}
 m - 2 scrolls of teleportation
 r - a scroll of blinking {unknown}
 s - a scroll of immolation {unknown}
 t - a scroll of identify {unknown}
Potions
 g - 3 potions of curing {unknown}
 k - 3 potions of resistance {unknown}
 n - a potion of flight {unknown}
 o - a potion of cancellation {unknown}
 u - a potion of invisibility {unknown}
Comestibles
 f - 7 rations
 h - 3 chunks of flesh


   Skills:
 + Level 3.9 Fighting
 * Level 6.6 Crossbows
 + Level 1.2 Armour
 + Level 4.3 Dodging
 - Level 3.4 Stealth


You had 5 spell levels left.
You didn't know any spells.

Dungeon Overview and Level Annotations

Branches:
Dungeon (4/15)
 Temple: D:4-7

Altars:
Elyvilon
Qazlal
Vehumet

Annotations:
D:4 homeworkjunkie's ghost, novice HOFi


Innate Abilities, Weirdness & Mutations

You are small and have problems with some larger weapons.
You are carnivorous and can eat meat at any time.


Message History

The bolt hits homeworkjunkie's ghost but does no damage.
Homeworkjunkie's ghost is moderately damaged.
Homeworkjunkie's ghost hits you!
Firing (i - inventory):
d - 61 bolts (quivered)
Press: ? - help, Shift-Dir - straight line, f/p - homeworkjunkie's ghost
Aim: homeworkjunkie's ghost, wielding a weapon of electrocution (moderately damaged)
You shoot a bolt.
The bolt closely misses homeworkjunkie's ghost.
Homeworkjunkie's ghost misses you.
Firing (i - inventory):
d - 60 bolts (quivered)
Press: ? - help, Shift-Dir - straight line, f/p - homeworkjunkie's ghost
Aim: homeworkjunkie's ghost, wielding a weapon of electrocution (moderately damaged)
You shoot a bolt.
The bolt hits homeworkjunkie's ghost but does no damage.
Homeworkjunkie's ghost is moderately damaged.
Homeworkjunkie's ghost hits you! Homeworkjunkie's ghost hits you!
* * * LOW HITPOINT WARNING * * *
You are electrocuted!
You die...

# #.......#.##### #.#..
#.#.............# #.#..
####.#.##.####.###.#####
#...# #.......#....#.#
#.#...# ###.#
#...##..#.##.#.# #.....# #.#
##.........##.#.###)....#
#.#
...........'.(.......#..#
#..
#..........###..###..#..####
### #....#.#####
#(W@##..#.....# #.####..#
#...##.....##.# # ###.##
#...##.######.# #..J.#
#...##........# ## #....##
#...##...###### #. #.....#
#...###..# #. #.....#
#........# #. #.....#
#.......## ####### #...(.##
##.###### #......


You could see homeworkjunkie's ghost.

Vanquished Creatures
  A big kobold (D:3)
  2 orc priests (D:3)
  9 adders
  An ooze (D:4)
  3 worms
  2 dart slugs
  2 leopard geckos
  7 orcs (D:3)
  2 ball pythons
  12 bats
  6 giant cockroaches
  6 goblins
  13 hobgoblins
  10 jackals
  2 quokkas
  5 frilled lizards
  12 kobolds
  7 rats
102 creatures vanquished.

Notes
Turn   | Place    | Note
-------+----------+-------------------------------------------
     0 | D:1      | aMcNicky the Kobold Hunter began the quest for the Orb.
     0 | D:1      | Reached XP level 1. HP: 12/12 MP: 1/1
    57 | D:1      | Reached XP level 2. HP: 18/18 MP: 2/2
    94 | D:1      | Reached skill level 5 in Crossbows
   162 | D:1      | Reached XP level 3. HP: 22/22 MP: 3/3
   733 | D:2      | Reached XP level 4. HP: 22/27 MP: 4/4
   921 | D:2      | Found a radiant altar of Vehumet.
  1005 | D:2      | Reached XP level 5. HP: 32/32 MP: 5/5
  1377 | D:2      | Found a white marble altar of Elyvilon.
  1661 | D:3      | Noticed a big kobold
  1670 | D:3      | Killed a big kobold
  1670 | D:3      | Reached skill level 6 in Crossbows
  1670 | D:3      | Reached XP level 6. HP: 38/38 MP: 6/6
  1771 | D:3      | Found a stormy altar of Qazlal.
  1773 | D:3      | Reached skill level 1 in Armour
  2382 | D:4      | Noticed homeworkjunkie's ghost (novice HOFi)
  2419 | D:4      | Mangled by homeworkjunkie's ghost

Skill      XL: |  1  2  3  4  5  6 |
---------------+-------------------+-----
Crossbows      | 5 6 |  6.6
Stealth        | 2 3 |  3.4
Dodging        | 3 4 |  4.3
Fighting       | 3 |  3.9
Armour         | 1 |  1.2

Action                   |  1- 3 |  4- 6 || total
-------------------------+-------+-------++-------
Melee: Short sword       |    10 |    13 ||    23
 Fire: Hand crossbow     |    71 |   152 ||   223
  Use: Scroll            |     1 |     2 ||     3
  Eat: Chunk             |     8 |     5 ||    13
Armor: Ring mail         |     5 |    17 ||    22
Dodge: Dodged            |    19 |    48 ||    67
